[Event "FIDE Women World Blitz 2021"]
[Site "Warsaw"]
[Date "2021.12.30"]
[Round "10.4"]
[White "Gil Quilez, Sonia"]
[Black "Smietanska, Wiktoria"]
[Result "1/2-1/2"]
[ECO "E92"]
[WhiteElo "2122"]
[BlackElo "1765"]
[Annotator "NA"]
[PlyCount "130"]
[EventDate "2021.12.29"]
[EventType "swiss"]
[EventCountry "POL"]
[Tiebreak "Cut1 Buchholz"]
[SourceTitle "playchess.com"]
[Source "ChessBase"]
[SourceQuality "1"]
[TimeControl "180+2"]

1. d4 Nf6 2. c4 g6 3. Nc3 Bg7 4. e4 d6 5. Nf3 O-O 6. Be2 e5 7. Be3 exd4 8.
Nxd4 Re8 9. Qc2 Nc6 10. Nxc6 bxc6 11. O-O Qe7 12. Bf3 Ng4 13. Bf4 Ne5 14. Be2 Ba6 15. b3 Qf6 16. Bd2 Rad8 17. Rad1 Qe6 18. Na4 c5 19. Nc3 Nc6 20. Nd5 Nd4 21. Qd3 Qxe4 22. Qxe4 Rxe4 23. Bd3 Re5 24. Bf4 Ne2+ 25. Bxe2 Rxe2 26. Nxc7 Bb7 27. Bxd6 Bd4 28. Bg3 Rxa2 29. Nb5 a6 30. Nd6 Bc6 31. Rfe1 h5 32. Ne4 Kg7 33. Bh4 Re8 34. Nd6 Rxe1+ 35. Rxe1 g5 36. Nf5+ Kg6 37. Ne7+ Kh6 38. Nxc6 gxh4 39. Nxd4 cxd4 40. Kf1 Rb2 41. Rd1 Rxb3 42. Rxd4 Rc3 43. Rd6+ Kg5 44. Rxa6 Rxc4 45. Ra5+ f5 46. Ke2 Rc2+ 47. Kf3 Rc3+ 48. Ke2 Rc2+ 49. Ke1 Rc1+ 50. Kd2 Rf1 51. Ke2 Rh1 52. h3 Rg1 53. Ra8 Rb1 54. Rd8 Rb2+ 55. Rd2 Rb1 56. Kf3 Rb3+ 57. Ke2 Rb1 58. Ra2 Rg1 59. Kf3 Rb1 60. Ra3 Rb2 61. Re3 Rb1 62. Re8 Rb3+ 63. Re3 Rb1 64. Ra3 Rb2 65. Re3 Rb1 1/2-1/2

[Event "FIDE Women World Blitz 2021"]
[Site "Warsaw"]
[Date "2021.12.30"]
[Round "10.5"]
[White "Goryachkina, Aleksandra"]
[Black "Kamalidenova, Meruert"]
[Result "1-0"]
[ECO "E81"]
[WhiteElo "2604"]
[BlackElo "2339"]
[Annotator "ChessBase"]
[PlyCount "110"]
[EventDate "2021.12.29"]
[EventType "swiss"]
[EventCountry "POL"]
[Tiebreak "Cut1 Buchholz"]
[SourceTitle "playchess.com"]
[Source "ChessBase"]
[SourceQuality "1"]
[TimeControl "180+2"]

1. d4 Nf6 2. c4 g6 3. Nc3 Bg7 4. e4 d6 5. f3 O-O 6. Be3 a6 7. Qd2 b5 8. cxb5 axb5 9. Bxb5 c6 10. Bd3 Nbd7 11. Nge2 e5 12. O-O d5 13. exd5 cxd5 14. Kh1 Bb7 15. Rad1 e4 16. fxe4 Nxe4 17. Nxe4 dxe4 18. Bc4 Nb6 19. Bb3 Nd5 20. Nc3 Kh8 21. Nxd5 Bxd5 22. Bxd5 Qxd5 23. a3 f5 24. Rc1 Rfd8 25. Rc7 Rac8 26. Rxc8 Rxc8 27. Rc1 Rd8 28. h3 Qd6 29. b4 h6 30. Bxh6 Bxd4 31. Bg5 Bf6 32. Qxd6 Rxd6 33. Bxf6+ Rxf6 34. b5 Rd6 35. Rb1 e3 36. Re1 Rd3 37. a4 Rb3 38. g3 g5 39. Kg2 Kg7 40.
Kf3 Rb4 41. Rxe3 Rxa4 42. Rb3 Ra7 43. b6 Rb7 44. Rb5 Kf6 45.
Ke3 Ke6 46. Kd4 Rd7+ 47. Kc5 Rd5+ 48. Kc6 Rd6+ 49. Kc7 Rd7+ 50. Kc8 f4 51. gxf4 gxf4 52. b7 Rf7 53. b8=Q Rf8+ 54. Kc7 Rxb8 55. Kxb8 Kf6 1-0

[Event "FIDE Women World Blitz 2021"]
[Site "Warsaw"]
[Date "2021.12.30"]
[Round "10.5"]
[White "Budkiewicz, Magdalena"]
[Black "Kazarian, Anna-Maja"]
[Result "0-1"]
[ECO "C02"]
[WhiteElo "1624"]
[BlackElo "2138"]
[Annotator "NA"]
[PlyCount "72"]
[EventDate "2021.12.29"]
[EventType "swiss"]
[EventCountry "POL"]
[Tiebreak "Cut1 Buchholz"]
[SourceTitle "playchess.com"]
[Source "ChessBase"]
[SourceQuality "1"]
[TimeControl "180+2"]

1. e4 e6 2. d4 d5 3. e5 c5 4. Nf3 Bd7 5. Bd3 Qb6 6. Nbd2 cxd4 7. O-O Nc6 8.
Nb3 Nge7 9. Bf4 Ng6 10. Bg3 Be7 11. Re1 a5 12. a4 Bb4 13.
Rf1 Bc5 14. h4 Nge7 15. Re1 Rc8 16. h5 h6 17. Qe2 Nb4 18.
Bh4 Nxd3 19. Qxd3 Nf5 20. Red1 Nxh4 21. Nxh4 O-O 22. Nf3 f6 23. exf6 Rxf6 24. Ne5 Be8 25. Ng6 Bxg6 26. hxg6 e5 27. Qh3 Qe6 28. Qg3 Rxg6 29. Qd3 e4 30. Qb5 b6 31. Nxd4 Bxd4 32. Rxd4 Rc5 33. Qa6 Kh7 34. Qb7 Rxc2 35. Rxd5 e3 36. f3 Rgxg2+ 0-1

[Event "FIDE Women World Blitz 2021"]
[Site "Warsaw"]
[Date "2021.12.30"]
[Round "10.6"]
[White "Muzychuk, Anna"]
[Black "Muzychuk, Mariya"]
[Result "1/2-1/2"]
[ECO "C54"]
[WhiteElo "2533"]
[BlackElo "2536"]
[Annotator "ChessBase"]
[PlyCount "34"]
[EventDate "2021.12.29"]
[EventType "swiss"]
[EventCountry "POL"]
[Tiebreak "Cut1 Buchholz"]
[SourceTitle "playchess.com"]
[Source "ChessBase"]
[SourceQuality "1"]
[TimeControl "180+2"]

1. e4 e5 2. Nf3 Nc6 3. Bc4 Nf6 4. d3 Bc5 5. c3 d6 6. O-O O-O 7. a4 a6 8. h3 h6 9. Bb3 Ba7 10. Nbd2 Nh5 11. Re1 Qf6 12. Nf1 Qg6 13. Nh4 Qf6 14. Nf3 Qg6 15. Nh4 Qf6 16. Nf3 Qg6 17. Nh4 Qf6 1/2-1/2

[Event "FIDE Women World Blitz 2021"]
[Site "Warsaw"]
[Date "2021.12.30"]
[Round "10.6"]
[White "Jakubowska, Anna"]
[Black "Szczotka, Klara"]
[Result "0-1"]
[ECO "B24"]
[WhiteElo "2106"]
[BlackElo "1584"]
[Annotator "NA"]
[PlyCount "81"]
[EventDate "2021.12.29"]
[EventType "swiss"]
[EventCountry "POL"]
[Tiebreak "Cut1 Buchholz"]
[SourceTitle "playchess.com"]
[Source "ChessBase"]
[SourceQuality "1"]
[TimeControl "180+2"]

1. e4 c5 2. Nc3 e6 3. g3 Nc6 4. Bg2 Nf6 5. d3 d6 6. f4 Bd7 7. Nf3 Qc7 8. d4 cxd4 9. Nxd4 a6 10. Be3 Rc8 11. O-O Be7 12. Kh1 Nxd4 13. Bxd4 Bc6 14. f5 e5 15. Be3 b5 16. a3 Qb7 17. Qd3 h5 18. Bg5 Nh7 19. Bxe7 Kxe7 20. Rad1 Rcd8 21. Qe3 b4 22. axb4 Qxb4 23. b3 Nf6 24. Rd3 Ng4 25. Qa7+ Rd7 26. Qxa6 Qc5 27. h3 Nf6 28. b4 Qxb4 29. Qxc6 Rb8 30. Rb1 Qxb1+ 31. Nxb1 Rxb1+ 32. Kh2 h4 33. g4 Nh7 34. Rb3 Rd1 35. Rb7 Rxb7 36. Qxb7+ Kf6 37. Qd7 Kg5 38. c4 Rd2 39. c5 Kf4 40. c6 Ng5 41. Kh1 0-1

[Event "FIDE Women World Blitz 2021"]
[Site "Warsaw"]
[Date "2021.12.30"]
[Round "10.7"]
[White "Paehtz, Elisabeth"]
[Black "Maltsevskaya, Aleksandra"]
[Result "1/2-1/2"]
[ECO "A48"]
[WhiteElo "2485"]
[BlackElo "2411"]
[Annotator "ChessBase"]
[PlyCount "96"]
[EventDate "2021.12.29"]
[EventType "swiss"]
[EventCountry "POL"]
[Tiebreak "Cut1 Buchholz"]
[SourceTitle "playchess.com"]
[Source "ChessBase"]
[SourceQuality "1"]
[TimeControl "180+2"]

1. d4 Nf6 2. Nf3 b6 3. c3 g6 4. Bg5 Bg7 5. Nbd2 Bb7 6. e3 c5 7. Be2 O-O 8. O-O d6 9. a4 a6 10. Re1 Nbd7 11. Qb3 Qc7 12. Bh4 e5 13. dxe5 dxe5 14. Bc4 h6 15. e4 Rab8 16. Qc2 Kh7 17. Bxf6 Nxf6 18. Nf1 b5 19. Ba2 Bc6 20. Ng3 bxa4 21. Bc4 Rb6 22. Ra2 Bb5 23. Nd2 Rd8 24. Bf1 Rdb8 25. Nc4 R6b7 26. Ne3 Bxf1 27. Ngxf1 a3 28. bxa3 Rb3 29. Nd2 R3b7 30. Ndc4 Qc6 31. f3 Qe8 32. Nd6 Qe6 33. Nxb7 Rxb7 34. Rb2 Rc7 35. Qe2 h5 36. Qc4 Qd7 37. Rd1 Qc6 38. Nd5 Nxd5 39. Rxd5 Qf6 40. Rxc5 Qg5 41. Rxc7 Qc1+ 42. Qf1 Qxb2 43. Rxf7 Qxc3 44. h4 Qxa3 45. Qc4 Qa5 46. Qc7 Qe1+ 47. Kh2 Qxh4+ 48. Kg1 Qe1+ 1/2-1/2

[Event "FIDE Women World Blitz 2021"]
[Site "Warsaw"]
[Date "2021.12.30"]
[Round "10.8"]
[White "Bivol, Alina"]
[Black "Bodnaruk, Anastasia"]
[Result "1-0"]
[ECO "D02"]
[WhiteElo "2377"]
[BlackElo "2396"]
[Annotator "NA"]
[PlyCount "65"]
[EventDate "2021.12.29"]
[EventType "swiss"]
[EventCountry "POL"]
[Tiebreak "Cut1 Buchholz"]
[SourceTitle "playchess.com"]
[Source "ChessBase"]
[SourceQuality "1"]
[TimeControl "180+2"]

1. d4 Nf6 2. Nf3 g6 3. g3 Bg7 4. Bg2 d5 5. O-O O-O 6. b3 b6 7. c4 Bb7 8. Ne5 e6 9. Nc3 Ne4 10. Bb2 Nxc3 11. Bxc3 f6 12. Nd3 f5 13. Nf4 Re8 14. Rc1 g5 15. Nd3 Nd7 16. e3 Nf6 17. Bb2 Rc8 18.
c5 Ba6 19. Re1 Bxd3 20. Qxd3 c6 21. cxb6 axb6 22. a4 Bf8 23. Rc2 Qd7 24. Rec1 g4 25. Qa6 c5 26. dxc5 Ne4 27. c6 Qc7 28. Bd4 Rb8 29. Ba1 Bc5 30. Qd3 Kf7 31. b4 Bf8 32. Qd4 Be7 33.
Qg7# 1-0

[Event "FIDE Women World Blitz 2021"]
[Site "Warsaw"]
[Date "2021.12.30"]
[Round "10.8"]
[White "Zabrzanska, Weronika"]
[Black "Bartel, Marta"]
[Result "0-1"]
[ECO "B07"]
[WhiteElo "1596"]
[BlackElo "2192"]
[Annotator "NA"]
[PlyCount "126"]
[EventDate "2021.12.29"]
[EventType "swiss"]
[EventCountry "POL"]
[Tiebreak "Cut1 Buchholz"]
[SourceTitle "playchess.com"]
[Source "ChessBase"]
[SourceQuality "1"]
[TimeControl "180+2"]

1. e4 g6 2. d4 Bg7 3. c3 d6 4. Nf3 Nf6 5. Bd3 O-O 6. O-O Nbd7 7. Re1 e5 8.
Nbd2 c6 9. Bf1 Qc7 10. a4 a5 11. Nc4 exd4 12. Nxd4 d5 13. exd5 Nxd5 14. Bg5 N7f6 15. Bh4 Bg4 16. f3 Bd7 17. Bg3 Qd8 18. Qd2 Nh5 19. Bd6 Re8 20. Rxe8+ Bxe8 21. Re1 b5 22. axb5 cxb5 23. Nxb5 Bxb5 24. Qxd5 Ba6 25. Nxa5 Nf6 26. Qc5 Nd7 27. Qb4 Nb6 28. Bxa6 Rxa6 29. Nc4 Nxc4 30. Qxc4 Rxd6 31. Qb5 Rd7 32. c4 h6 33. c5 Qc7 34. c6 Rd6 35. Rc1 Kh7 36. b4 Bd4+ 37.
Kh1 Qb6 38. Qxb6 Bxb6 39. h4 Rd8 40. b5 Kg7 41. Kh2 Kf6 42. Kg3 Ke6 43. Kf4 Rd4+ 44.
Kg3 Bc7+ 45. Kf2 Rb4 46. Re1+ Kf6 47. Rd1 Bb6+ 48. Kg3 Rxb5 49. Rd7 Rc5 50. Rb7 Rxc6 51. Kh3 Bc7 52. Ra7 h5 53. Ra4 Ke6 54. Re4+ Kf6 55. Rb4 Rc5 56. Ra4 Bd6 57. Ra6 Ke6 58. Ra4 f6 59. Re4+ Re5 60. Rd4 Bc5 61. Ra4 Bf2 62. Ra6+ Kf7 63. Ra7+ Bxa7 0-1

[Event "FIDE Women World Blitz 2021"]
[Site "Warsaw"]
[Date "2021.12.30"]
[Round "10.9"]
[White "Socko, Monika"]
[Black "Kashlinskaya, Alina"]
[Result "0-1"]
[ECO "A45"]
[WhiteElo "2393"]
[BlackElo "2482"]
[Annotator "ChessBase"]
[PlyCount "144"]
[EventDate "2021.12.29"]
[EventType "swiss"]
[EventCountry "POL"]
[Tiebreak "Cut1 Buchholz"]
[SourceTitle "playchess.com"]
[Source "ChessBase"]
[SourceQuality "1"]
[TimeControl "180+2"]

1. d4 Nf6 2. Bf4 g6 3. Nc3 d5 4. Qd2 c6 5. f3 Bg7 6. O-O-O b5 7. g4 b4 8. Na4 Qa5 9. b3 Nbd7 10. Kb1 Nb6 11. Nb2 h5 12. Nd3 hxg4 13.
Qxb4 Qxb4 14. Nxb4 Bd7 15. Na6 Rc8 16. Bg2 gxf3 17. exf3 Bf5 18. Ne2 Nh5 19. Be3 e5 20. dxe5 Bxe5 21. Bc5 Nd7 22. Bf2 O-O 23. Ng3 Nxg3 24. hxg3 g5 25. f4 Bf6 26. Bh3 g4 27. Bg2 Rfe8 28. Bf1 Be4 29. Rg1 Bf3 30. Rc1 Bc3 31. Bg2 Nf6 32. Nc5 Bd2 33. Bxf3 Bxc1 34. Kxc1 gxf3 35. g4 Re2 36. Bd4 f2 37. Rd1 Nxg4 38. Nd3 Rce8 39. Bc3 d4 40. Bxd4 Nh2 41. Nxf2 Nf3 42. Bxa7 Re1 43. Rxe1 Rxe1+ 44. Kb2 Re2 45. Nd3 Re4 46. a4 Kf8 47. a5 Ke8 48. a6 Nd4 49. Bxd4 Rxd4 50. a7 Rd8 51. Nb4 Kd7 52. Na6 Ra8 53. Nc5+ Kc7 54. Kc3 Rxa7 55. Kd4 Kd6 56. Ne4+ Ke6 57. c4 Kf5 58. Nd6+ Kxf4 59. Kc5 Ke5 60. Nc8 Ra3 61. b4 f5 62. Ne7 f4 63. Nxc6+ Ke4 64. b5 f3 65. b6 f2 66. b7 Rb3 67. Nd4 Rxb7 68.
Ne2 Kf3 69. Nd4+ Kg2 70. Nc2 Re7 71. Kd6 Re2 72. Nd4 Rd2 0-1

[Event "FIDE Women World Blitz 2021"]
[Site "Warsaw"]
[Date "2021.12.30"]
[Round "10.9"]
[White "Movsesian, Julia"]
[Black "Goraj, Barbara"]
[Result "1-0"]
[ECO "B53"]
[WhiteElo "2322"]
[BlackElo "1902"]
[Annotator "NA"]
[PlyCount "171"]
[EventDate "2021.12.29"]
[EventType "swiss"]
[EventCountry "POL"]
[Tiebreak "Cut1 Buchholz"]
[SourceTitle "playchess.com"]
[Source "ChessBase"]
[SourceQuality "1"]
[TimeControl "180+2"]

1. e4 c5 2. Nf3 Nc6 3. Nc3 d6 4. Bb5 Bd7 5. Bxc6 Bxc6 6. d4 cxd4 7. Qxd4 Nf6 8. Bg5 Nd7 9. O-O-O h6 10. Bh4 Qb6 11. Qd2 g5 12. Bg3 Bg7 13. Nd4 Bxd4 14. Qxd4 Qxd4 15. Rxd4 Rc8 16. f3 Nc5 17. h4 Ne6 18. Rd2 f6 19. hxg5 fxg5 20. Nd5 Bxd5 21. exd5 Ng7 22. Re2 Nf5 23. Bf2 Kf7 24. a3 a6 25. g4 Ng7 26. Bd4 Rce8 27. Kd2 Rh7 28.
Kd3 e5 29. dxe6+ Nxe6 30. Be3 Rc8 31. c3 Kf6 32. Rhe1 Re7 33.
Bd4+ Kf7 34. Kd2 Rce8 35. Be3 b5 36. Bf2 Nf4 37. Rxe7+ Rxe7 38. Rxe7+ Kxe7 39. Bd4 Kf7 40. b3 h5 41. gxh5 Nxh5 42. Kd3 Ke6 43. c4 Nf4+ 44. Ke4 d5+ 45.
cxd5+ Nxd5 46. Bg7 Ne7 47. Bh6 Kf6 48. Bf8 Ng6 49. Bd6 Ke6 50.
Bc7 Ne7 51. Bd8 Nd5 52. Bxg5 Nc3+ 53. Kd3 Nd5 54. Bd2 Nc7 55. Ke4 Ne8 56. f4 Nf6+ 57. Kd4 Kd6 58. Bb4+ Ke6 59. Kc5 Kd7 60. Kb6 Nd5+ 61. Kxa6 Nxf4 62. Kxb5 Kc7 63. Kc4 Kb6 64. Bc5+ Ka6 65. b4 Ne6 66. a4 Kb7 67. b5 Nc7 68. Be3 Ne6 69. a5 Nc7 70.
b6 Ne6 71. Kb5 Nc7+ 72. Ka4 Nd5 73. Bc5 Nc3+ 74. Kb4 Nd5+ 75. Kc4 Nc7 76. Be3 Ne6 77. Bf2 Nc7 78. Bg3 Ne6 79. Kb4 Ka6 80.
Kc4 Kb7 81. Kd5 Nd8 82. Bc7 Nf7 83. Kc5 Ng5 84. Kb5 Ne6 85. a6+ Ka8 86. b7+ 1-0

[Event "FIDE Women World Blitz 2021"]
[Site "Warsaw"]
[Date "2021.12.30"]
[Round "10.10"]
[White "Kiolbasa, Oliwia"]
[Black "Zatonskih, Anna"]
[Result "1-0"]
[ECO "C02"]
[WhiteElo "2403"]
[BlackElo "2394"]
[Annotator "NA"]
[PlyCount "49"]
[EventDate "2021.12.29"]
[EventType "swiss"]
[EventCountry "POL"]
[Tiebreak "Cut1 Buchholz"]
[SourceTitle "playchess.com"]
[Source "ChessBase"]
[SourceQuality "1"]
[TimeControl "180+2"]

1. e4 e6 2. d4 d5 3. e5 c5 4. c3 Qb6 5. Nf3 Bd7 6. Bd3 cxd4 7. O-O Nc6 8.
Re1 Nge7 9. h4 a6 10. Nbd2 dxc3 11. bxc3 Qc7 12. Nb3 Ng6 13. Qe2 f6 14. exf6 gxf6 15. c4 O-O-O 16. cxd5 exd5 17. Be3 Nge5 18. Nxe5 fxe5 19. Rec1 d4 20. Bd2 Ba3 21. Ba5 Qd6 22. Bxa6 Kb8 23. Bxb7 Bxc1 24. Qa6 Na7 25. Qxd6+ 1-0

[Event "FIDE Women World Blitz 2021"]
[Site "Warsaw"]
[Date "2021.12.30"]
[Round "10.10"]
[White "Katkov, Michelle"]
[Black "Nurgali, Nazerke"]
[Result "0-1"]
[ECO "E54"]
[WhiteElo "1651"]
[BlackElo "2267"]
[Annotator "NA"]
[PlyCount "80"]
[EventDate "2021.12.29"]
[EventType "swiss"]
[EventCountry "POL"]
[Tiebreak "Cut1 Buchholz"]
[SourceTitle "playchess.com"]
[Source "ChessBase"]
[SourceQuality "1"]
[TimeControl "180+2"]

1. e4 c6 2. d4 d5 3. exd5 cxd5 4. c4 e6 5. Nc3 Nf6 6. Nf3 Bb4 7. Bd3 O-O 8. O-O b6 9. cxd5 exd5 10. Bg5 Be6 11. Ne5 h6 12. Bh4 Be7 13. Bc2 Nbd7 14. Qd3 Nxe5 15. dxe5 Ne4 16. Nxe4 dxe4 17. Qxe4 g6 18. Rfd1 Qe8 19. Bxe7 Qxe7 20. Rd6 Bf5 21. Qe2 Bxc2 22. Qxc2 Qxe5 23. Rad1 Rac8 24. Qd2 Kg7 25. g3 h5 26. Rd7 a6 27. Rb7 b5 28. b3 h4 29. Qd4 Qxd4 30. Rxd4 h3 31. Kf1 Rfe8 32. Rd1 Rc2 33.
Re1 Rxe1+ 34. Kxe1 Rxa2 35.
Ra7 Ra1+ 36. Ke2 Rh1 37. Rxa6 Rxh2 38. Kf3 Rh1 39. Rb6 Rb1 40. Rxb5 h2 0-1

[Event "FIDE Women World Blitz 2021"]
[Site "Warsaw"]
[Date "2021.12.30"]
[Round "10.11"]
[White "Buksa, Nataliya"]
[Black "Zhukova, Natalia"]
[Result "1-0"]
[ECO "C60"]
[WhiteElo "2199"]
[BlackElo "2331"]
[Annotator "NA"]
[PlyCount "91"]
[EventDate "2021.12.29"]
[EventType "swiss"]
[EventCountry "POL"]
[Tiebreak "Cut1 Buchholz"]
[SourceTitle "playchess.com"]
[Source "ChessBase"]
[SourceQuality "1"]
[TimeControl "180+2"]

1. e4 e5 2. Nf3 Nc6 3. Bb5 a6 4. Ba4 Nge7 5. O-O g6 6. c3 Bg7 7. d4 exd4 8. cxd4 b5 9. Bb3 O-O 10. d5 Na5 11. Bc2 Nc4 12. Nc3 d6 13.
Rb1 h6 14. h3 Bb7 15. Ne2 c6 16. b3 Nb6 17. dxc6 Nxc6 18. Bb2 Ne5 19. Nf4 Rc8 20. Nd4 Re8 21. Nde2 Nbd7 22. Nd5 Nc5 23. Ng3 h5 24. f4 Ned7 25. Bxg7 Kxg7 26. Qd4+ f6 27. Rbc1 h4 28. Ne2 Bxd5 29. Qxd5 Nb6 30. Qd4 Ne6 31. Qe3 Nc5 32. Nd4 Nd5 33. Qf3 Nb4 34. Bb1 Qb6 35. Kh1 Nxe4 36. Bxe4 Qxd4 37. Rxc8 Rxc8 38. Bxg6 Rc3 39. Qg4 Rg3 40. Qd7+ Kxg6 41. f5+ Kh6 42. Qe8 Rg7 43. Qh8+ Rh7 44. Qf8+ Kh5 45. Qe8+ Kh6 46. Qg6# 1-0

[Event "FIDE Women World Blitz 2021"]
[Site "Warsaw"]
[Date "2021.12.30"]
[Round "10.11"]
[White "Heredia Serrano, Carla"]
[Black "Kolaric, Spela"]
[Result "1/2-1/2"]
[ECO "D00"]
[WhiteElo "2138"]
[BlackElo "2178"]
[Annotator "NA"]
[PlyCount "70"]
[EventDate "2021.12.29"]
[EventType "swiss"]
[EventCountry "POL"]
[Tiebreak "Cut1 Buchholz"]
[SourceTitle "playchess.com"]
[Source "ChessBase"]
[SourceQuality "1"]
[TimeControl "180+2"]

1. d4 Nf6 2. Nc3 d5 3. Bf4 c6 4. e3 Bf5 5. f3 e6 6. g4 Bg6 7. h4 h6 8. Bd3 Bxd3 9. Qxd3 Qb6 10. O-O-O Nbd7 11. Nge2 O-O-O 12. Kb1 Ne8 13. e4 Nd6 14. Bxd6 Bxd6 15. Nc1 Rhe8 16. e5 Be7 17. Nb3 c5 18. dxc5 Nxc5 19. Nxc5 Qxc5 20. Qd4 Qxd4 21. Rxd4 Bc5 22. Rd3 a6 23. f4 Kc7 24. a3 b5 25. b4 Bb6 26. Rhd1 Kb7 27. Ne2 Rc8 28.
Nd4 Rc4 29. Kb2 Rec8 30. R1d2 Bxd4+ 31. Rxd4 Rc3 32. R4d3 R3c4 33. Rd4 Rc3 34. R4d3 R3c4 35. Rd4 Rc3 1/2-1/2

[Event "FIDE Women World Blitz 2021"]
[Site "Warsaw"]
[Date "2021.12.30"]
[Round "10.12"]
[White "Majdan, Joanna"]
[Black "Babiy, Olga"]
[Result "1/2-1/2"]
[ECO "B15"]
[WhiteElo "2325"]
[BlackElo "2179"]
[Annotator "ChessBase"]
[PlyCount "206"]
[EventDate "2021.12.29"]
[EventType "swiss"]
[EventCountry "POL"]
[Tiebreak "Cut1 Buchholz"]
[SourceTitle "playchess.com"]
[Source "ChessBase"]
[SourceQuality "1"]
[TimeControl "180+2"]

1. e4 c6 2. d4 d5 3. Nc3 dxe4 4. Nxe4 Nf6 5. Nxf6+ exf6 6. Nf3 Bd6 7. c3 O-O 8. Be3 Bg4 9. Bd3 Re8 10. Qc2 h5 11. h3 Bxf3 12.
gxf3 Bf4 13. Kd2 Qd6 14. Rae1 Nd7 15. Kc1 c5 16. Kb1 cxd4 17. Bxd4 Ne5 18. Be4 Qc7 19. Rhg1 Rac8 20. Bh7+ Kh8 21. Qf5 Bh6 22. Bxe5 Rxe5 23. Rxe5 fxe5 24. Qe4 g6 25. Bxg6 fxg6 26. Rxg6 Bg7 27. Qf5 Rf8 28. Qxh5+ Kg8 29. Qg4 Qf7 30. Rg5 Qf6 31. h4 Rf7 32. h5 Kh8 33. Qc8+ Kh7 34. Qg4 Qf4 35. Qg2 Qd2 36. a3 Qd1+ 37. Ka2 Qd5+ 38. Kb1 Qd1+ 39. Ka2 Qd5+ 40. Kb1 Rd7 41. Qg4 Qd3+ 42. Ka1 Rf7 43. h6 Bxh6 44. Rxe5 Qg6 45. Qc4 Rxf3 46. Re6 Qg1+ 47. Ka2 Rf7 48. Rxh6+ Kxh6 49. Qxf7 Qf1 50. Qf6+ Kh7 51. Qf7+ Kh6 52. f4 a5 53. f5 Kg5 54. Qg6+ Kf4 55. Qd6+ Kg5 56. Qe7+ Kf4 57. Qc7+ Kg5 58. Qxa5 Qc4+ 59. Kb1 Qd3+ 60. Ka1 Qf1+ 61. Ka2 Qc4+ 62. Kb1 Qd3+ 63. Kc1 Qf1+ 64. Kc2 Qe2+ 65. Kb3 Qd1+ 66. Kb4 Qd2 67. b3 Qd6+ 68. Qc5 Qd3 69. f6+ Kg6 70. Qd4 Qf1 71. a4 Qf5 72. a5 Qc8 73. Qd6 Qe8 74. c4 Qe1+ 75. Kb5 Qb1 76.
b4 Qf5+ 77. c5 Qf1+ 78. Kb6 Qc4 79. b5 Qe4 80. c6 bxc6 81.
Qxc6 Qd4+ 82. Kb7 Qd8 83. f7+ Kg7 84. f8=R Qxf8 85. Qc7+ Kg6 86. a6 Qb4 87. b6 Kh5 88. a7 Qe4+ 89. Qc6 Qe7+ 90. Kb8 Qd8+ 91. Qc8 Qxb6+ 92. Qb7 Qd8+ 93. Qc8 Qb6+ 94. Ka8 Qb5 95. Qh8+ Kg6 96. Qg8+ Kh6 97. Qe6+ Kh5 98. Qf7+ Kh6 99. Qb7 Qe8+ 100. Qb8 Qc6+ 101. Qb7 Qe8+ 102. Qb8 Qc6+ 103. Qb7 Qe8+ 1/2-1/2

[Event "FIDE Women World Blitz 2021"]
[Site "Warsaw"]
[Date "2021.12.30"]
[Round "10.12"]
[White "Brambilla, Renee Blandy T."]
[Black "Zairbek kyzy, Begimai"]
[Result "1/2-1/2"]
[ECO "D36"]
[WhiteElo "1651"]
[BlackElo "1701"]
[Annotator "NA"]
[PlyCount "87"]
[EventDate "2021.12.29"]
[EventType "swiss"]
[EventCountry "POL"]
[Tiebreak "Cut1 Buchholz"]
[SourceTitle "playchess.com"]
[Source "ChessBase"]
[SourceQuality "1"]
[TimeControl "180+2"]

1. d4 d5 2. c4 e6 3. Nc3 Nf6 4. cxd5 exd5 5. Bg5 Be7 6. Qc2 c6 7. e3 Nbd7 8. Bd3 O-O 9. Nge2 Re8 10. O-O Nf8 11. Rab1 Ne4 12. Bxe7 Qxe7 13. Nxe4 dxe4 14. Bc4 Be6 15. Ng3 Bd5 16. Bxd5 cxd5 17. Rbc1 g6 18. Qc7 Ne6 19. Qxe7 Rxe7 20. h3 Nd8 21. Rc2 Nc6 22. Rfc1 Nb4 23. Rc8+ Rxc8 24. Rxc8+ Kg7 25. a3 Nd3 26. b3 Kf6 27. Ne2 Rd7 28. Rc3 Ke6 29. Nc1 Nxc1 30. Rxc1 Kd6 31. Kf1 Rc7 32. Rxc7 Kxc7 33. Ke2 Kc6 34. f3 f5 35. fxe4 fxe4 36. Kf2 b5 37. Kg3 a5 38. Kf4 Kd6 39. h4 h6 40. g4 Ke6 41. h5 gxh5 42. gxh5 Kf6 43. Kg4 Ke6 44. Kf4 1/2-1/2

[Event "FIDE Women World Blitz 2021"]
[Site "Warsaw"]
[Date "2021.12.30"]
[Round "10.13"]
[White "Dzagnidze, Nana"]
[Black "Gaponenko, Inna"]
[Result "1/2-1/2"]
[ECO "D28"]
[WhiteElo "2524"]
[BlackElo "2339"]
[Annotator "ChessBase"]
[PlyCount "75"]
[EventDate "2021.12.29"]
[EventType "swiss"]
[EventCountry "POL"]
[Tiebreak "Cut1 Buchholz"]
[SourceTitle "playchess.com"]
[Source "ChessBase"]
[SourceQuality "1"]
[TimeControl "180+2"]

1. Nf3 d5 2. c4 dxc4 3. e3 Nf6 4. Bxc4 e6 5. d4 c5 6. O-O Nc6 7. Qe2 a6 8. Rd1 b5 9. Bd3 c4 10. Bc2 Nb4 11. e4 Bb7 12. d5 Bc5 13.
dxe6 Qe7 14. exf7+ Qxf7 15. Nc3 Ng4 16. Rf1 Nxc2 17. Qxc2 O-O 18. h3 Nxf2 19. Rxf2 Bxf2+ 20. Qxf2 b4 21. Nd5 Bxd5 22. exd5 Qxd5 23. Be3 c3 24. bxc3 bxc3 25. Rc1 Rac8 26. Rc2 Rc4 27. Bc1 Re8 28. Kh2 Qd6+ 29. Qg3 Qd3 30. Bh6 g6 31. Rc1 c2 32. h4 Qe4 33. Bg5 Qd3 34. Qf2 Qd6+ 35. Qg3 Qd1 36. Qf2 Qd6+ 37. Kh3 Qe6+ 38. Kh2 1/2-1/2

[Event "FIDE Women World Blitz 2021"]
[Site "Warsaw"]
[Date "2021.12.30"]
[Round "10.13"]
[White "Rudzinska, Michalina"]
[Black "Da Silva, Cibele Florencio"]
[Result "1-0"]
[ECO "C60"]
[WhiteElo "1832"]
[BlackElo "1405"]
[Annotator "NA"]
[PlyCount "69"]
[EventDate "2021.12.29"]
[EventType "swiss"]
[EventCountry "POL"]
[Tiebreak "Cut1 Buchholz"]
[SourceTitle "playchess.com"]
[Source "ChessBase"]
[SourceQuality "1"]
[TimeControl "180+2"]

1. e4 e5 2. Nf3 Nc6 3. Bb5 h6 4. O-O Nf6 5. Re1 d6 6. d4 Bd7 7. c3 a6 8. Ba4 Qe7 9. Nbd2 Nd8 10. Bc2 Bg4 11. h3 Bh5 12. Nf1 c6 13.
Ng3 Bg6 14. Nh4 Ne6 15. Nxg6 fxg6 16. d5 Nc7 17. dxc6 bxc6 18. f4 Nd7 19. f5 g5 20. Bb3 Qf6 21. Qh5+ Kd8 22. Qf3 Nc5 23. Bc4 Be7 24. Be3 Nb7 25. Red1 Na5 26. Be2 Nb5 27. Bb6+ Ke8 28. Bxa5 Rg8 29. Bc4 Rh8 30. a4 Na7 31. Qh5+ Kd7 32. Be6+ Qxe6 33. fxe6+ Kxe6 34. Rf1 Raf8 35. Qg4+ 1-0

[Event "FIDE Women World Blitz 2021"]
[Site "Warsaw"]
[Date "2021.12.30"]
[Round "10.14"]
[White "Injac, Teodora"]
[Black "Hryzlova, Sofiia"]
[Result "1-0"]
[ECO "B38"]
[WhiteElo "2387"]
[BlackElo "2097"]
[Annotator "NA"]
[PlyCount "103"]
[EventDate "2021.12.29"]
[EventType "swiss"]
[EventCountry "POL"]
[Tiebreak "Cut1 Buchholz"]
[SourceTitle "playchess.com"]
[Source "ChessBase"]
[SourceQuality "1"]
[TimeControl "180+2"]

1. Nf3 c5 2. c4 Nf6 3. Nc3 g6 4. d4 cxd4 5. Nxd4 Bg7 6. e4 d6 7. Be2 O-O 8. O-O a6 9. Be3 Nc6 10. Qd2 Bd7 11. f3 Rc8 12. Rac1 Qc7 13.
Nd5 Qd8 14. Nxc6 Rxc6 15. Rfd1 Be6 16. a4 Nd7 17. a5 Nc5 18.
Rc2 Nb3 19. Qb4 Nc5 20. Nb6 Qc7 21. Qa3 f5 22. b4 Nd7 23.
Nd5 Qd8 24. exf5 Bxf5 25. Rcd2 Ne5 26. Qb3 Kh8 27. Bd4 e6 28. Ne3 Qc8 29. Nxf5 gxf5 30. b5 Rc7 31. Bb6 Rd7 32. h3 Nf7 33. f4 Bf6 34. Bf3 Rg8 35. Re2 Qe8 36. Rde1 e5 37. Bd5 e4 38. bxa6 bxa6 39. Bc6 Qc8 40.
Bxd7 Qxd7 41. Qd1 Qc6 42. Bd4 Rg6 43. Bxf6+ Rxf6 44. Qd4 Kg7 45. Re3 Qa4 46. Rg3+ Kf8 47. Qxf6 Qb4 48. Rge3 Qxa5 49. Qe6 Qc5 50. Qd5 Qb6 51. Qxf5 a5 52. Qxe4 1-0